[Event "1st Bangalore GM-Open-A 2024"]
[Site "Bangalore"]
[Date "2024.01.19"]
[Round "3.30"]
[White "Sadbhav Rautela"]
[Black "Ram Aravind L N"]
[Result "0-1"]
[ECO "B40"]
[WhiteElo "1949"]
[BlackElo "2332"]
[Annotator "RC"]
[PlyCount "76"]
[EventDate "2024.01.20"]
[EventType "swiss"]
[EventCountry "IND"]
[SourceTitle "playchess.com"]
[Source "ChessBase"]
[SourceQuality "1"]
[TimeControl "5400+30"]

1. e4 c5 2. Nf3 e6 3. g3 Nc6 4. Bg2 d6 5. O-O Nf6 6. Re1 Be7 7. d4 cxd4 8. Nxd4 e5 9. Nb3 Bg4 10. Qd3 O-O 11. Bg5 Rc8 12. Bxf6 Bxf6 13. c4 b5 14. cxb5 Nb4 15. Qd2 Nc2 16. Nc3 Nxa1 17. Nxa1 Bg5 18. Qd3 Be6 19. Nc2 Bc4 20. Qd1 Qb6 21. Bf1 Be6 22. Nb4 f5 23. Bh3 g6 24. a4 Kg7 25. Nc6 f4 26. a5 Qc5 27. b4 Qc4 28. Bxe6 Qxe6 29. Nd5 Rf7 30. Qc2 Qh3 31. Qd3 Rcf8 32. Qf1 Qd7 33. Re2 h5 34. Rc2 fxg3 35. hxg3 h4 36. Qd3 Rf3 37. Qd1 Qg4 38. Rc3 Rxg3+ 0-1

[Event "1st Bangalore GM-Open-A 2024"]
[Site "Bangalore"]
[Date "2024.01.19"]
[Round "3.31"]
[White "Anup Shankar R"]
[Black "Neelotpal, Das"]
[Result "0-1"]
[ECO "C27"]
[WhiteElo "1912"]
[BlackElo "2329"]
[Annotator "RC"]
[PlyCount "91"]
[EventDate "2024.01.20"]
[EventType "swiss"]
[EventCountry "IND"]
[SourceTitle "playchess.com"]
[Source "ChessBase"]
[SourceQuality "1"]
[TimeControl "5400+30"]

1. e4 e5 2. Bc4 Nf6 3. Nc3 Nxe4 4. Qh5 Nd6 5. Qxe5+ Qe7 6. Qxe7+ Bxe7 7. Bb3 Nf5 8. Nf3 c6 9. d4 d5 10. O-O f6 11. Re1 Kf7 12. Ne2 Nd6 13. Nd2 a5 14. a4 Re8 15. c4 dxc4 16. Nxc4 Be6 17. Nxd6+ Bxd6 18. Bxe6+ Rxe6 19. Be3 Na6 20. Nc3 Nb4 21. Rad1 Rd8 22. g3 Bc7 23. Rd2 Nd5 24. Kg2 g5 25. Kf3 h5 26. Rc1 g4+ 27. Ke2 f5 28. Nxd5 Rxd5 29. Rc5 Red6 30. Bf4 Re6+ 31. Be3 Rxc5 32. dxc5 Re7 33. Kd3 Rd7+ 34. Kc4 Re7 35. Bg5 Re4+ 36. Rd4 Rxd4+ 37. Kxd4 Ke6 38. Bf4 Bd8 39. b3 b5 40. axb5 cxb5 41. Bd2 Bf6+ 42. Kd3 a4 43. bxa4 bxa4 44. Kc4 a3 45. Kb3 Bd4 46. c6 0-1

[Event "1st Bangalore GM-Open-A 2024"]
[Site "Bangalore"]
[Date "2024.01.19"]
[Round "3.32"]
[White "Hegde, Ravi Gopal"]
[Black "Mohamed Anees M"]
[Result "0-1"]
[ECO "B22"]
[WhiteElo "1916"]
[BlackElo "2319"]
[Annotator "RC"]
[PlyCount "92"]
[EventDate "2024.01.20"]
[EventType "swiss"]
[EventCountry "IND"]
[SourceTitle "playchess.com"]
[Source "ChessBase"]
[SourceQuality "1"]
[TimeControl "5400+30"]

1. e4 c5 2. c3 d5 3. exd5 Qxd5 4. d4 Nc6 5. Nf3 Bg4 6. Be2 e6 7. c4 Qd7 8. d5 exd5 9. cxd5 Bxf3 10. Bxf3 Nd4 11. O-O O-O-O 12. Nc3 Ne7 13. Be3 Nxf3+ 14. Qxf3 Nf5 15. Rac1 Kb8 16. Rfd1 Nxe3 17. Qxe3 f5 18. Qe6 Be7 19. Qe3 Rhe8 20. a4 Bd6 21. Qd3 a6 22. g3 h5 23. Ne2 Qxa4 24. Rc4 Qb5 25. b3 g6 26. Nc3 Qa5 27. Ra4 Qb6 28. Rc4 Re5 29. Rc1 Bf8 30. f4 Ree8 31. Na4 Qb5 32. Nc3 Qd7 33. Ra4 Bg7 34. Rd1 Bd4+ 35. Rxd4 cxd4 36. Qxd4 h4 37. b4 hxg3 38. hxg3 Qe7 39. Kf2 Qd6 40. Ra1 Rc8 41. Ra3 Re7 42. Ra5 Rec7 43. Ra3 Rc4 44. Qa7+ Kxa7 45. Nb5+ Kb6 46. Nxd6 Rc2+ 0-1

[Event "1st Bangalore GM-Open-A 2024"]
[Site "Bangalore"]
[Date "2024.01.19"]
[Round "3.33"]
[White "Shyam, Sundar M."]
[Black "Rohith Yadav B R"]
[Result "1-0"]
[ECO "C73"]
[WhiteElo "2497"]
[BlackElo "1900"]
[Annotator "TA"]
[PlyCount "67"]
[EventDate "2024.01.20"]
[EventType "swiss"]
[EventCountry "IND"]
[SourceTitle "playchess.com"]
[Source "ChessBase"]
[SourceQuality "1"]
[TimeControl "5400+30"]

1. e4 e5 2. Nf3 Nc6 3. Bb5 a6 4. Ba4 d6 5. Bxc6+ bxc6 6. d4 exd4 7. Nxd4 c5 {[%emt 0:02:27] The main line 7...c5 scores better than 7...Bd7.} 8. Nb3 {[%emt 0:00:56] C73: Ruy Lopez: Deferred Steinitz: 5 Bxc6+.} Nf6 9. Nc3 Be7 10. O-O {[%emt 0:00:13] The position is equal.} O-O 11. Bf4 Be6 {[%emt 0:01:48] [#]} 12. Na5 $146 ({Predecessor:} 12. e5 dxe5 13. Bxe5 Qb8 14. Rb1 Ng4 15. Bg3 Rd8 16. Qe2 Qb6 17. Rfe1 Rd7 {½-½ Ochoa de Echaguen,F (2400)-Estremera Panos,S (2295) ESP-ch Spain 1990 (3)}) 12... Qd7 13. Qe2 g6 14. Rad1 Rfe8 15. h3 Nh5 16. Bh2 Ng7 17. Qf3 f6 18. b3 Rf8 19. Rfe1 Rae8 20. Qd3 Ra8 21. Bf4 Rfe8 22. Bc1 c6 23. Bf4 Red8 24. Na4 {[%emt 0:04:19] White has more active pieces.} Rab8 (24... g5 $142) 25. Nxc5 $1 $18 {[%emt 0:00:29][%mdl 64] [#] Pin, Double Attack} (25. Qxa6 Ra8 26. Qb6 Rdb8 27. Nxc5 Rxb6 $11) 25... Qc7 26. Nxe6 {[%emt 0:05:51][%mdl 64] Remove Defender} ({Less strong is} 26. Qxa6 Ra8 27. Qxc6 (27. Nxe6 Rxa6 28. Nxc7 Rxa5 $16) 27... Qxa5 $16) (26. Nxa6 Qxa5 27. Nxb8 Rxb8 $14) 26... Nxe6 27. Qc4 Qxa5 $2 (27... Qd7 28. e5 d5) 28. Qxe6+ Kf8 29. Re3 (29. Bxd6 $2 {perishes.} Rxd6 30. Qg4 Rbd8 $19) (29. Bh6+ $142 Ke8 30. e5 fxe5 31. Re3) 29... Qc5 30. Red3 {[%emt 0:00:49] [#] Black must now prevent e5.} Qxc2 31. Bh6+ Ke8 32. Qg8+ Kd7 33. Qf7 Qc5 34. Bf4 {[%emt 0:01:07] Weighted Error Value: White=0.49/Black=0.56} 1-0

[Event "1st Bangalore GM-Open-A 2024"]
[Site "Bangalore"]
[Date "2024.01.19"]
[Round "3.34"]
[White "Gugan G"]
[Black "Savchenko, Boris"]
[Result "0-1"]
[ECO "B85"]
[WhiteElo "2164"]
[BlackElo "2489"]
[Annotator "RC"]
[PlyCount "106"]
[EventDate "2024.01.20"]
[EventType "swiss"]
[EventCountry "IND"]
[SourceTitle "playchess.com"]
[Source "ChessBase"]
[SourceQuality "1"]
[TimeControl "5400+30"]

1. e4 c5 2. Nf3 d6 3. d4 cxd4 4. Nxd4 Nf6 5. Nc3 a6 6. Be2 e6 7. f4 Be7 8. O-O O-O 9. Be3 Nc6 10. a4 Re8 11. Kh1 Qc7 12. Bf3 Bf8 13. Nb3 b6 14. e5 dxe5 15. fxe5 Nd7 16. Bxc6 Qxc6 17. Nd4 Qb7 18. Rxf7 Kxf7 19. Qh5+ Kg8 20. Qxe8 Qxg2+ 21. Kxg2 Bb7+ 22. Kg3 Rxe8 23. Bf4 Bb4 24. Na2 Bc5 25. Nb3 Be7 26. Rd1 Nf8 27. Nc3 Ng6 28. Rd7 Ba8 29. Nd4 h5 30. Nce2 Be4 31. Kf2 Bc5 32. Ke1 Bxd4 33. Rxd4 Bxc2 34. Rb4 Rf8 35. Kd2 a5 36. Rd4 Bb3 37. Kc3 Bd1 38. Rxd1 Nxf4 39. Nxf4 Rxf4 40. b3 Rh4 41. Rd2 Kh7 42. Rd6 Rh3+ 43. Kc4 Rxh2 44. Rxb6 h4 45. Rxe6 h3 46. Rd6 Rc2+ 47. Kb5 h2 48. Rd1 g5 49. b4 g4 50. bxa5 g3 51. a6 g2 52. a7 Rc8 53. Rc1 Ra8 0-1

[Event "1st Bangalore GM-Open-A 2024"]
[Site "Bangalore"]
[Date "2024.01.19"]
[Round "3.35"]
[White "Muthaiah AL"]
[Black "Deshmukh, Anup"]
[Result "1-0"]
[ECO "A45"]
[WhiteElo "2464"]
[BlackElo "2139"]
[Annotator "RC"]
[PlyCount "47"]
[EventDate "2024.01.20"]
[EventType "swiss"]
[EventCountry "IND"]
[SourceTitle "playchess.com"]
[Source "ChessBase"]
[SourceQuality "1"]
[TimeControl "5400+30"]

1. d4 Nf6 2. Bf4 c5 3. d5 b5 4. e4 Nxe4 5. Qf3 Qa5+ 6. Nd2 Nf6 7. c4 a6 8. Ne2 d6 9. Nc3 Bg4 10. Qe3 e5 11. dxe6 Nc6 12. Be2 Nd4 13. O-O Nxe2+ 14. Nxe2 Bxe6 15. Bg5 Ra7 16. Nf4 Re7 17. Ne4 Nxe4 18. Qxe4 f6 19. Nxe6 fxg5 20. Rae1 h6 21. f4 g4 22. f5 Qd2 23. f6 gxf6 24. Rxf6 1-0

[Event "1st Bangalore GM-Open-A 2024"]
[Site "Bangalore"]
[Date "2024.01.19"]
[Round "3.36"]
[White "Shyaamnikhil P"]
[Black "Gaurav Rajesh Zagade"]
[Result "1-0"]
[ECO "B50"]
[WhiteElo "2443"]
[BlackElo "2132"]
[Annotator "RC"]
[PlyCount "85"]
[EventDate "2024.01.20"]
[EventType "swiss"]
[EventCountry "IND"]
[SourceTitle "playchess.com"]
[Source "ChessBase"]
[SourceQuality "1"]
[TimeControl "5400+30"]

1. e4 c5 2. Nf3 Nc6 3. Bc4 g6 4. O-O Bg7 5. Re1 d6 6. c3 Nf6 7. Bf1 O-O 8. d4 cxd4 9. cxd4 Bg4 10. Nc3 Bxf3 11. gxf3 e5 12. dxe5 dxe5 13. Be3 Nd4 14. Rc1 Rc8 15. Bg2 Qd7 16. f4 Nh5 17. fxe5 Bxe5 18. Nd5 Rxc1 19. Qxc1 Qg4 20. Qd1 Qxd1 21. Rxd1 Ne6 22. Bh3 Kg7 23. Bg4 Rd8 24. Bxh5 gxh5 25. Rd2 Nc7 26. f4 Bd6 27. Nxc7 Bxc7 28. Rxd8 Bxd8 29. Bxa7 f5 30. Kf2 Kf6 31. Ke3 Ke6 32. a4 Ba5 33. Bc5 Bd8 34. b4 Bf6 35. e5 Bh4 36. Kd4 b6 37. Bd6 Bf2+ 38. Kd3 Kd5 39. a5 bxa5 40. bxa5 Kc6 41. Bb4 h4 42. h3 Kd5 43. Bd2 1-0

[Event "1st Bangalore GM-Open-A 2024"]
[Site "Bangalore"]
[Date "2024.01.19"]
[Round "3.37"]
[White "Mohammad Nubairshah Shaikh"]
[Black "Nagare Kaivalya Sandip"]
[Result "1-0"]
[ECO "A17"]
[WhiteElo "2428"]
[BlackElo "2095"]
[Annotator "RC"]
[PlyCount "101"]
[EventDate "2024.01.20"]
[EventType "swiss"]
[EventCountry "IND"]
[SourceTitle "playchess.com"]
[Source "ChessBase"]
[SourceQuality "1"]
[TimeControl "5400+30"]

1. Nf3 Nf6 2. c4 e6 3. Nc3 Bb4 4. Qc2 c5 5. e3 O-O 6. Be2 Nc6 7. a3 Ba5 8. O-O d6 9. Rd1 Bxc3 10. Qxc3 e5 11. d3 a5 12. b3 Qe7 13. Bb2 Bg4 14. h3 Bh5 15. g4 Bg6 16. Nh4 Nd7 17. Nxg6 fxg6 18. Kg2 Rae8 19. Bf3 Nf6 20. Kg1 h5 21. Qc2 Nd8 22. Qe2 Ne6 23. Bg2 Ng5 24. Bc3 hxg4 25. hxg4 Qd7 26. f3 b6 27. b4 a4 28. Rab1 Ne6 29. Qc2 Ng5 30. Qe2 Ne6 31. Ba1 Nh7 32. Qf2 Nhg5 33. Qg3 Nh7 34. Bc3 g5 35. Rb2 Nf6 36. bxc5 Nxc5 37. Rxb6 Qa7 38. Rb5 Nb3 39. Qe1 d5 40. cxd5 Qa6 41. Rb4 Nxd5 42. Re4 Nc5 43. Rxe5 Nxd3 44. Rxg5 Nxe1 45. Rxg7+ Kh8 46. Rxd5 Rf6 47. Rg6 Kh7 48. Rxf6 Qe2 49. Rh5+ Kg8 50. Rg5+ Kh7 51. Rf7+ 1-0

[Event "1st Bangalore GM-Open-A 2024"]
[Site "Bangalore"]
[Date "2024.01.19"]
[Round "3.38"]
[White "Elgabry, Mohsen"]
[Black "Hesham, Abdelrahman"]
[Result "1/2-1/2"]
[ECO "A01"]
[WhiteElo "2160"]
[BlackElo "2424"]
[Annotator "RC"]
[PlyCount "60"]
[EventDate "2024.01.20"]
[EventType "swiss"]
[EventCountry "IND"]
[SourceTitle "playchess.com"]
[Source "ChessBase"]
[SourceQuality "1"]
[TimeControl "5400+30"]

1. b3 e5 2. Bb2 Nc6 3. e3 Nf6 4. Nf3 e4 5. Nd4 Nxd4 6. Bxd4 d5 7. c4 c5 8. Bxf6 Qxf6 9. Nc3 d4 10. Nd5 Qe5 11. f4 exf3 12. Qxf3 Bd6 13. O-O-O O-O 14. e4 Qe6 15. Bd3 Be5 16. h3 a6 17. Kb1 Bd7 18. Rc1 Qd6 19. Qe2 Rfb8 20. Rc2 b5 21. Rf1 Rb7 22. g4 b4 23. Qf3 Bc6 24. Rb2 a5 25. Kc2 a4 26. g5 Rba7 27. h4 axb3+ 28. axb3 Be8 29. h5 Ra2 30. Qf5 Qb8 1/2-1/2

[Event "1st Bangalore GM-Open-A 2024"]
[Site "Bangalore"]
[Date "2024.01.19"]
[Round "3.39"]
[White "Kaustuv, Kundu"]
[Black "John Veny Akkarakaran"]
[Result "1-0"]
[ECO "E14"]
[WhiteElo "2423"]
[BlackElo "2112"]
[Annotator "RC"]
[PlyCount "61"]
[EventDate "2024.01.20"]
[EventType "swiss"]
[EventCountry "IND"]
[SourceTitle "playchess.com"]
[Source "ChessBase"]
[SourceQuality "1"]
[TimeControl "5400+30"]

1. Nf3 Nf6 2. c4 e6 3. Nc3 d5 4. e3 b6 5. b3 Bb7 6. Bb2 Be7 7. cxd5 exd5 8. d4 O-O 9. Bd3 c5 10. O-O Nbd7 11. Rc1 a6 12. Re1 Bd6 13. Bf5 cxd4 14. Nxd4 Nc5 15. Re2 Re8 16. Rec2 Qb8 17. g3 Qd8 18. Bh3 g6 19. b4 Ncd7 20. b5 Ne5 21. a4 h5 22. Bg2 a5 23. Nc6 Nxc6 24. Nxd5 Nxd5 25. bxc6 Bxc6 26. Rxc6 Be5 27. Bxe5 Rxe5 28. Qd4 f6 29. Rd1 Ra7 30. Bxd5+ Kg7 31. e4 1-0

[Event "1st Bangalore GM-Open-A 2024"]
[Site "Bangalore"]
[Date "2024.01.19"]
[Round "3.40"]
[White "Adireddy Arjun"]
[Black "Arun Kataria"]
[Result "1/2-1/2"]
[ECO "C18"]
[WhiteElo "2415"]
[BlackElo "2079"]
[Annotator "RC"]
[PlyCount "114"]
[EventDate "2024.01.20"]
[EventType "swiss"]
[EventCountry "IND"]
[SourceTitle "playchess.com"]
[Source "ChessBase"]
[SourceQuality "1"]
[TimeControl "5400+30"]

1. e4 e6 2. d4 d5 3. Nc3 Bb4 4. e5 c5 5. a3 Bxc3+ 6. bxc3 Ne7 7. h4 Qa5 8. Bd2 Qa4 9. Nf3 Nbc6 10. h5 h6 11. Bd3 c4 12. Be2 Bd7 13. Nh4 O-O-O 14. f4 Rdf8 15. g4 f6 16. Be3 Be8 17. Kd2 a6 18. Qb1 fxe5 19. fxe5 g5 20. hxg6 Nxg6 21. Nxg6 Bxg6 22. Ra2 Qa5 23. Rxh6 Rxh6 24. Bxh6 Nxd4 25. Qb4 Qxb4 26. axb4 Rh8 27. Bg7 Rh7 28. cxd4 Rxg7 29. Ra3 Rh7 30. Bd1 Rh2+ 31. Kc1 Kd7 32. Rg3 Ke7 33. g5 Rf2 34. c3 b6 35. Rh3 Rg2 36. Rh8 Rg1 37. Kd2 Rxg5 38. Rb8 Rg2+ 39. Kc1 b5 40. Rb6 Rg1 41. Kd2 Rg2+ 42. Kc1 Rg3 43. Kb2 Rg1 44. Bf3 Rb1+ 45. Ka2 Rb3 46. Bg4 Bf7 47. Rb7+ Kf8 48. Rb8+ Kg7 49. Rb7 Kf8 50. Rb8+ Kg7 51. Rb7 Kg6 52. Rb6 Rxc3 53. Bxe6 Bxe6 54. Rxe6+ Kf5 55. Rf6+ Ke4 56. e6 Rc2+ 57. Ka3 Re2 1/2-1/2

[Event "1st Bangalore GM-Open-A 2024"]
[Site "Bangalore"]
[Date "2024.01.20"]
[Round "4.1"]
[White "Neelash Saha"]
[Black "Short, Nigel D"]
[Result "1-0"]
[ECO "A06"]
[WhiteElo "2446"]
[BlackElo "2592"]
[Annotator "TA"]
[PlyCount "53"]
[EventDate "2024.01.20"]
[EventType "swiss"]
[EventCountry "IND"]
[SourceTitle "playchess.com"]
[Source "ChessBase"]
[SourceQuality "1"]
[TimeControl "5400+30"]

1. b3 c5 2. Bb2 Nc6 3. Nf3 d5 4. e3 a6 5. Be2 d4 6. O-O {[%emt 0:03:34] A06: Réti Opening: 1 Nf3 d5.} g6 {[%emt 0:00:35] [#]} 7. b4 $1 {[%emt 0:06:06][%mdl 64] Deflection} Nxb4 (7... Nf6 8. bxc5) 8. exd4 {[%emt 0:01:15] White is slightly better.} Bg7 9. c3 Nd5 10. dxc5 {[%emt 0:00:05] [#]} Nh6 $146 ({Predecessor:} 10... Nf4 11. d4 Nxe2+ 12. Qxe2 Nf6 13. Nbd2 O-O 14. Rfe1 Nd5 15. g3 b6 16. c4 Nb4 17. cxb6 {1-0 Jobava,B (2600)-Gurevich,D (2363) Titled Tuesday intern op 03rd May Early blitz 2022 (1)}) 11. d4 O-O 12. Nbd2 Qc7 (12... Rb8 $142) 13. Re1 $16 Bf5 14. Bf1 Rad8 (14... Rab8 $142 15. c4 Nf4) 15. Nc4 Rfe8 16. Qb3 Kh8 (16... Rb8 $142 17. Nce5 Red8) 17. g3 $18 f6 18. Bg2 g5 19. Nfd2 Bc8 20. Ba3 Nf5 {[%emt 0:00:24] White is clearly winning.} 21. Rab1 Bh6 22. Bxd5 Rxd5 23. Nb6 Rdd8 24. Nxc8 Rxc8 25. Qxb7 Qa5 26. Qb4 Qd8 27. Qb6 {[%emt 0:00:29] Black did not feel at home in the position after the opening.   Weighted Error Value: White=0.05 (flawless) /Black=0.29 (precise)} 1-0

[Event "1st Bangalore GM-Open-A 2024"]
[Site "Bangalore"]
[Date "2024.01.20"]
[Round "4.2"]
[White "Sammed Jaykumar, Shete"]
[Black "Pranav Anand"]
[Result "0-1"]
[ECO "A13"]
[WhiteElo "2441"]
[BlackElo "2513"]
[Annotator "TA"]
[PlyCount "92"]
[EventDate "2024.01.20"]
[EventType "swiss"]
[EventCountry "IND"]
[SourceTitle "playchess.com"]
[Source "ChessBase"]
[SourceQuality "1"]
[TimeControl "5400+30"]

1. c4 e6 2. g3 d5 3. Bg2 Nf6 4. Nf3 d4 5. e3 c5 6. exd4 cxd4 7. O-O Nc6 8. d3 h6 9. Bf4 Nd7 {[%emt 0:00:10] Prevents Ne5} 10. Na3 Bc5 {[%emt 0:00:25] The position is equal.} 11. Nb5 O-O $1 (11... e5 12. Nxe5 Ndxe5 13. Bxe5 $16) 12. Bd6 Bxd6 13. Nxd6 Nc5 14. Nxc8 Rxc8 15. Re1 Qc7 16. a3 a5 17. b3 Rfe8 18. Rb1 Na6 19. Re2 Qd6 20. Ra2 Rb8 21. Qd2 b5 22. cxb5 Rxb5 23. Rc2 Ne7 24. Qc1 (24. Rc4 $11) 24... Reb8 $15 25. Nd2 e5 (25... Nc5 $1 $15 26. a4 (26. Nc4 Qd8 $15) 26... Nxb3) 26. Nc4 Qd8 27. Qe1 f6 28. Rd1 (28. Nd2 $11) 28... Kh8 ({Don't play} 28... Rxb3 29. f4 $11) (28... Nd5 $5 29. a4 Rb4 30. Bxd5+ Qxd5 $17) 29. f4 (29. Nd2 $15) 29... exf4 $17 30. Re2 (30. gxf4 $142 Rxb3 31. Qxa5 Qxa5 32. Nxa5 Rxa3 33. Nc6 Nxc6 34. Rxc6) 30... Nd5 31. Re6 {[%emt 0:03:36] [#] And now Nd6 would win.} Nac7 $1 32. Rd6 Qf8 {[%emt 0:06:10] Hoping for ...Nc3.} 33. Rc6 Re8 34. Qd2 fxg3 ({Worse is} 34... Rxb3 35. Qxa5 Nc3 36. Rf1 $17) 35. hxg3 Rxb3 36. Be4 $2 (36. Rf1 {is a better chance.} Rc3 37. Be4) 36... Nc3 37. Rxc7 (37. Nd6 $142 Rd8 38. Re1) 37... Nxe4 $2 (37... Rxe4 38. dxe4 Qb8) 38. dxe4 $19 Rxg3+ $2 (38... Rxe4 $19 39. Qg2 (39. Nxa5 Rxg3+ 40. Kf1 Qxa3 41. Rc8+ Kh7) 39... Rg4) 39. Kh2 Rg4 40. Qxd4 Rgxe4 41. Qd7 Qg8 42. Qc6 (42. Nxa5 $2 {is the wrong capture.} Qa2+ 43. Rd2 Re2+ 44. Kg3 Qxa3+ 45. Rd3 R8e3+ 46. Kf4 Re4+ 47. Kf5 Qxa5+ $19) (42. Rd4 $11 Rxd4 43. Qxd4) 42... Qh7 {[%emt 0:02:11] [#] ( -> ...Re2+)} 43. Rg1 {[%emt 0:00:33] aiming for Nd6.} Qf5 {[%emt 0:01:24] Black mates.} 44. Rgxg7 Rh4+ 45. Kg1 Re1+ 46. Kg2 Re2+ {[%emt 0:00:03] Artfully played by Pranav Anand.   Weighted Error Value: White=0.62/Black=0.32} 0-1

[Event "1st Bangalore GM-Open-A 2024"]
[Site "Bangalore"]
[Date "2024.01.20"]
[Round "4.3"]
[White "Nitish Belurkar"]
[Black "Fedorov, Alexei"]
[Result "1/2-1/2"]
[ECO "E70"]
[WhiteElo "2435"]
[BlackElo "2457"]
[Annotator "ChessBase"]
[PlyCount "61"]
[EventDate "2024.01.20"]
[EventType "swiss"]
[EventCountry "IND"]
[SourceTitle "playchess.com"]
[Source "ChessBase"]
[SourceQuality "1"]
[TimeControl "5400+30"]

1. d4 Nf6 2. c4 g6 3. Nc3 Bg7 4. e4 d6 5. Bd3 O-O 6. Nge2 Nc6 7. O-O Nd7 8. Bc2 e5 9. d5 Nd4 10. Nxd4 exd4 11. Ne2 c5 12. dxc6 bxc6 13. Nxd4 Ne5 14. Rb1 Bg4 15. f3 Qb6 16. Kh1 Nxc4 17. Nxc6 Qxc6 18. fxg4 Rfc8 19. Bd3 Ne5 20. Bf4 Nxd3 21. Qxd3 Qc4 22. Qd5 Qxd5 23. exd5 Rc2 24. Rbe1 Rxb2 25. Bxd6 Rd8 26. Bc5 Rxa2 27. Re7 Bf8 28. Rxa7 Rxa7 29. Bxa7 Rxd5 30. Bb8 h5 31. gxh5 1/2-1/2

[Event "1st Bangalore GM-Open-A 2024"]
[Site "Bangalore"]
[Date "2024.01.20"]
[Round "4.4"]
[White "Mitrabha, Guha"]
[Black "Viani Antonio Dcunha"]
[Result "1-0"]
[ECO "C55"]
[WhiteElo "2504"]
[BlackElo "2407"]
[Annotator "TA"]
[PlyCount "115"]
[EventDate "2024.01.20"]
[EventType "swiss"]
[EventCountry "IND"]
[SourceTitle "playchess.com"]
[Source "ChessBase"]
[SourceQuality "1"]
[TimeControl "5400+30"]

1. e4 e5 2. Nf3 Nc6 3. Bc4 Nf6 4. d3 Be7 5. Nc3 d6 6. a4 {[%emt 0:00:08] C55: Two Knights: 4 d3, 4 d4 exd4 5 e5 and Max Lange Attack.} O-O 7. h3 Be6 8. Ng5 {[%emt 0:05:20] The position is equal.} Bxc4 9. dxc4 Nd4 10. Nf3 {[%emt 0:00:33][%cal Bg5f3,Bf3h2,Bh2g4][%mdl 32] [#]} Ne6 $146 ({Predecessor:} 10... Nxf3+ 11. Qxf3 Nd7 12. b3 Nc5 13. O-O Bg5 14. Bb2 Qd7 15. Qf5 Qd8 16. Rad1 g6 {1-0 Kovacs,L-Vogt,L Zinnowitz International DSV-06 1969 (10)}) 11. O-O c6 12. a5 h6 13. Be3 g5 ({Better is} 13... Nh7 $11) 14. Nh2 $14 Kg7 15. Ng4 Nd7 16. Bd2 {[%emt 0:00:41] White is much more active.} f5 17. exf5 Rxf5 18. a6 bxa6 (18... b6 $16) 19. Ne4 $18 Qc7 20. Bb4 (20. Rxa6 Qb7 21. Ra2 (21. Nxh6 Kxh6 22. Qg4 Kg6 $11) 21... Rf7 $16) 20... c5 21. Qd5 Nf4 22. Qxa8 Rf8 23. Ba5 Nb6 {[%emt 0:00:08] [#]} 24. Qxf8+ Bxf8 25. b3 h5 {[%emt 0:06:00] [#]} 26. Ne3 $1 g4 (26... Ne2+ $16 {is a better defense.} 27. Kh1 g4) 27. hxg4 hxg4 (27... Ne2+ $142 28. Kh1 hxg4) 28. Rfe1 (28. Nxg4 Ne2+ 29. Kh1 Kg6) 28... Qc8 29. Rad1 Kg6 30. Rd2 (30. Nxd6 Qc6 $18) 30... Qc6 31. Nxg4 Ne6 32. Bxb6 axb6 {[%emt 0:00:33] Black is weak on the light squares} 33. Rd5 {[%emt 0:03:07][%cal Od5e5] Strongly threatening Rxe5!} Kg7 34. f3 Nd4 $2 (34... b5 {might work better.} 35. Ne3 Nc7) 35. Ne3 b5 36. c3 Nxb3 {[%emt 0:00:46] [#]} 37. Nxd6 $1 b4 {[%emt 0:00:26] [#]} (37... Na5 38. cxb5) 38. cxb4 $1 {[%emt 0:01:04] Hoping for Nef5+.} cxb4 (38... Kg8 39. b5) 39. Nef5+ {[%emt 0:01:41] Excellent horsemanship.} Kh7 40. Re4 Nd4 41. Rh4+ (41. Rexe5 Nxf5 42. Nxf5 b3 $11) 41... Kg6 42. Rg4+ Kf6 43. Rg8 $2 (43. Nxd4 $18 Qxd6 44. Rxd6+ Bxd6 45. Nb3) 43... Ne6 $1 $11 44. g4 {[%emt 0:12:03][%cal Bg2g4,Bg4g5][%mdl 32] g5+! would be deadly. Dancing on a razor blade.} Bxd6 45. Nxd6 {[%emt 0:00:01] Ne4+ is the strong threat.} Qb6+ $1 46. c5 {[%emt 0:01:40][%mdl 64] Deflection} Nxc5 {[%emt 0:00:05][%mdl 8192] [#]} (46... Qc6 $11 {and Black has nothing to worry.} 47. Ne4+ Kf7) 47. g5+ $1 $18 Ke6 48. Nc4 $1 Qb5 $2 (48... Qa7 49. Rd6+ (49. Rxe5+ Kf7 $15) 49... Kf7) 49. Rxe5+ Kd7 50. Rg7+ Kc6 51. Rg6+ Kc7 52. Nb6 Qd3 53. Nd5+ (53. Rxc5+ $142 Kb7 54. Rgc6 Qxf3 55. Nd5 Qg4+ 56. Kf2 Qf5+ 57. Ke1 Qb1+ 58. Kf2 Qf5+ 59. Ke1 Qe5+ 60. Kd1 Qd4+ 61. Ke2 Qg4+ 62. Kf1 Qh3+ 63. Ke1 Qg3+ 64. Kd1 Qd3+ 65. Kc1 Qa3+ 66. Kd2 Qb2+ 67. Kd3 Qb1+ 68. Kd2 Qb2+ 69. Ke1 Qe5+ 70. Kd1 Qd4+ 71. Kc2 Qe4+ 72. Kb2 Qd4+ 73. Kb3 Qd3+ 74. Kxb4 Qe4+ 75. Ka3) 53... Kd8 54. Rg8+ {[%emt 0:01:23] White mates.} (54. Nxb4 $2 Qxg6 55. Kg2 Nd7 $19) 54... Kd7 55. Re7+ (55. Nxb4 $2 {perishes.} Qd4+ 56. Kf1 Qxe5 $19) 55... Kd6 56. Rd8+ (56. Nxb4 $2 {is the wrong capture.} Qd1+ 57. Kf2 Kxe7 $19) 56... Nd7 57. Rexd7+ Kc5 58. Rc8+ {[%emt 0:00:08] A superb game by Mitrabha.   Weighted Error Value: White=0.31/Black=0.57} 1-0